 Dungeon Crawl Stone Soup version 0.31.0-12-g77e489cdc1 (webtiles) character file.

Game seed: 5907383516561598877

2985 lordive the Destroyer (level 9, -5/47 HPs)
             Began as a Gargoyle Conjurer on Feb 28, 2024.
             Was a Follower of Vehumet.
             Slain by a red ugly thing (16 damage)
             ... on level 7 of the Dungeon.
             The game lasted 00:16:55 (7237 turns).

lordive the Destroyer (Gargoyle Conjurer)           Turns: 7237, Time: 00:16:55

Health: -5/47      AC: 16    Str: 12    XL:     9   Next: 83%
Magic:  17/21      EV: 13    Int: 22    God:    Vehumet [*.....]
Gold:   316        SH:  0    Dex: 14    Spells: 17/24 levels left

rFire   . . .        m - +3 quarterstaff (chaos)
rCold   . . .        (shield currently unavailable)
rNeg    + . .        u - +0 leather armour
rPois   ∞            s - +2 helmet
rElec   +            n - +0 cloak
rCorr   .            (no gloves)
SInv    .            e - +1 pair of boots
Will    .....        r - amulet of magic regeneration
Stlth   ++           k - +6 ring of dexterity
HPRegen 0.27/turn    f - +4 ring of slaying
MPRegen 0.57/turn

%: no passive effects
@: no status effects
A: sickness immunity, AC +6, negative energy resistance 1, electricity
resistance, torment resistance 1, petrification resistance
a: Renounce Religion


You were on level 7 of the Dungeon.
You worshipped Vehumet.
Vehumet was aware of your devotion.
You visited 2 branches of the dungeon, and saw 8 of its levels.
You also visited: Ossuary.

You collected 316 gold pieces.

Inventory:

Hand Weapons
 m - a +3 quarterstaff of chaos (weapon)
 C - a +1 whip of pain
Armour
 a - a +0 robe
 e - a +1 pair of boots (worn)
 n - a +0 cloak (worn)
 s - a +2 helmet (worn)
 u - a +0 leather armour (worn)
Jewellery
 f - a +4 ring of slaying (right hand)
 k - a +6 ring of dexterity (left hand)
 r - an amulet of magic regeneration (around neck)
Scrolls
 c - 4 scrolls of blinking {unknown}
 d - 2 scrolls of teleportation {unknown}
 q - 5 scrolls of noise {unknown}
 t - a scroll of enchant weapon {unknown}
 x - 2 scrolls of fear {unknown}
 y - 2 scrolls of fog {unknown}
 A - a scroll of enchant armour {unknown}
 B - 2 scrolls of identify
 D - a scroll of immolation {unknown}
Potions
 b - 2 potions of magic
 g - 2 potions of resistance
 h - 2 potions of brilliance
 i - 3 potions of attraction
 j - 6 potions of curing
 l - a potion of mutation
 o - a potion of lignification
 p - a potion of ambrosia
 v - 2 potions of invisibility {unknown}
 w - a potion of might {unknown}
 z - a potion of cancellation {unknown}


   Skills:
 + Level 1.2 Fighting
 + Level 4.1 Armour
 + Level 4.1 Dodging
 - Level 2.2 Stealth
 + Level 8.0 Spellcasting
 + Level 9.9 Conjurations


You had 17 spell levels left.
You knew the following spells:

 Your Spells              Type           Power      Damage    Failure   Level
a - Magic Dart            Conj           100%       1d8       1%          1
b - Searing Ray           Conj           100%       2d8       1%          2
c - Fulminant Prism       Conj/Alch      15%        3d11      12%         4

Your spell library contained the following spells:

 Spells                   Type           Power      Damage    Failure   Level
 Freeze                   Ice            32%        1d5       10%         1
 Static Discharge         Conj/Air       60%        3-6/arc   1%          2
 Iskenderun's Mystic Bla  Conj/Tloc      30%        2d8       12%         4
 Blink                    Tloc           16%        N/A       14%         2
 Call Imp                 Summ           16%        N/A       14%         2
 Summon Ice Beast         Ice/Summ       8%         N/A       28%         3
 Airstrike                Air            4%         2d(1-17)  67%         4
 Summon Lightning Spire   Summ/Air       8%         N/A       67%         4
 Summon Mana Viper        Hex/Summ       8%         N/A       95%         5
 Monstrous Menagerie      Summ           4%         N/A       100%        7


Dungeon Overview and Level Annotations

Branches:
Dungeon (7/15)             Temple (1/1) D:6         Ossuary (visited)

Altars:
Cheibriados
Elyvilon
Gozag
Kikubaaqudgha
Nemelex Xobeh
Okawaru
Qazlal
Ru
Sif Muna
Trog
Uskayaw
Vehumet
Wu Jian

Shops:
D:5 [[[[

Annotations:
D:4 2 transporters


Innate Abilities, Weirdness & Mutations

You are immune to sickness and miasma.
Your stone body is resilient. (AC +6)
You are immune to poison.
You resist negative energy. (rN+)
You are resistant to electric shocks. (rElec)
You are resistant to unholy torment.
You are immune to petrification.


Message History

Okay, then.
Casting: Searing Ray (safe; 1% risk of failure)
Confirm with . or Enter, or press ? or * to list all spells.
Aiming: Searing Ray (safe; 1% risk of failure)
Press: ? - help, Shift-Dir - straight line, f/p - red ugly thing
Aim: a red ugly thing (moderately wounded, 83% to hit)
The searing ray hits the red ugly thing.
The red ugly thing is moderately wounded.
The searing ray hits the scorpion!
The scorpion is severely wounded. (Press . to maintain the ray.)
The searing ray hits the red ugly thing.
The red ugly thing is heavily wounded.
The searing ray hits the scorpion.
The scorpion is almost dead.
The red ugly thing claws you but does no damage.
The searing ray hits the red ugly thing!
The red ugly thing is severely wounded.
The searing ray hits the scorpion.
You kill the scorpion!
Vehumet accepts your kill.
The red ugly thing claws you but does no damage.
The searing ray hits the red ugly thing.
The red ugly thing is severely wounded.
You finish channelling your searing ray.
The red ugly thing claws you.
You are engulfed in flames!
* * * LOW HITPOINT WARNING * * *
Unknown command.
Casting: Searing Ray (safe; 1% risk of failure)
Confirm with . or Enter, or press ? or * to list all spells.
Aiming: Searing Ray (safe; 1% risk of failure)
Press: ? - help, Shift-Dir - straight line, f/p - red ugly thing
Aim: a red ugly thing (severely wounded, 83% to hit)
The searing ray hits the red ugly thing!
The red ugly thing is severely wounded. (Press . to maintain the ray.)
The red ugly thing claws you.
* * * LOW HITPOINT WARNING * * *
You are engulfed in flames!
You die...

P..≈≈≈≈.[.# ..
..........# #.
##...# #. #..### #.
##s## #.# #..# #.#
##.## ####.#####..#
#....@u....##
#.##.##.#### #
#.##.# #.##.##.#
#.......# ####.####
#.########
#........# ###
########..#####.###
#..


You could see a red ugly thing.

Vanquished Creatures
  A water moccasin (D:6)
  An orc warrior (D:7)
  A black bear (D:4)
  An ice beast (D:5)
  2 sky beasts
  2 ogres
  A centaur (D:6)
  A phantom (D:6)
  2 kobold brigands
  A bullfrog (D:6)
  2 scorpions
  3 elf skeletons (D:5)
  2 wights (Ossuary)
  3 killer bees (D:5)
  3 howler monkeys
  2 bombardier beetles
  2 jellies (D:5)
  An orc priest (D:6)
  Crazy Yiuf (D:2)
  3 hounds
  2 sleepcaps
  4 spectral scorpions (Ossuary)
  2 centaur skeletons (Ossuary)
  2 human skeletons (D:5)
  A gnoll bouda (D:7)
  An iguana (D:5)
  Jessica (D:2)
  5 orc wizards (D:7)
  A crocodile zombie (Ossuary)
  6 mummies (Ossuary)
  11 gnolls
  11 adders
  2 shadow imps
  2 white imps (D:6)
  3 dart slugs
  2 ribbon worms
  24 orcs
  7 endoplasms
  3 giant cockroaches
  6 goblins
  8 hobgoblins
  20 kobolds
  5 quokkas
  13 ball pythons
  8 bats
  3 frilled lizards
  2 gnoll skeletons (Ossuary)
  3 kobold skeletons (Ossuary)
  An orc skeleton (Ossuary)
  An orc zombie (D:5)
  8 rats
  10 spectral rats (Ossuary)
213 creatures vanquished.

Notes
Turn   | Place    | Note
-------+----------+-------------------------------------------
     0 | D:1      | lordive the Gargoyle Conjurer began the quest for the Orb.
     0 | D:1      | Reached XP level 1. HP: 10/10 MP: 3/3
   277 | D:1      | Reached XP level 2. HP: 15/15 MP: 3/5
   613 | D:1      | Reached skill level 5 in Conjurations
   911 | D:1      | Reached XP level 3. HP: 19/19 MP: 1/6
  1419 | D:2      | Learned a level 2 spell: Searing Ray
  1478 | D:2      | Found a sacrificial altar of Ru.
  1550 | D:2      | Reached XP level 4. HP: 24/24 MP: 3/7
  2159 | D:2      | Noticed Jessica
  2164 | D:2      | Killed Jessica
  2413 | D:2      | Found a runed translucent door.
  2414 | D:2      | Noticed Crazy Yiuf
  2423 | D:2      | Killed Crazy Yiuf
  2424 | D:2      | Reached skill level 6 in Conjurations
  2424 | D:2      | Reached XP level 5. HP: 28/28 MP: 0/9
  3283 | D:3      | Found an ancient bone altar of Kikubaaqudgha.
  3410 | D:4      | Reached XP level 6. HP: 32/32 MP: 6/11
  3476 | D:4      | Learned a level 4 spell: Fulminant Prism
  3488 | D:4      | Found a transporter.
  3514 | D:4      | Noticed a sky beast
  3520 | D:4      | Killed a sky beast
  3779 | D:4      | Noticed a black bear
  3784 | D:4      | Killed a black bear
  3785 | D:4      | Reached skill level 7 in Conjurations
  3785 | D:4      | Reached XP level 7. HP: 36/36 MP: 9/14
  3939 | D:4      | Found a transporter.
  4415 | D:5      | Entered Level 5 of the Dungeon
  4435 | D:5      | Reached skill level 5 in Spellcasting
  4503 | D:5      | Found Wusmeqoz's Armour Shoppe.
  4508 | D:5      | Found Wuoraes's Antique Armour Shop.
  4643 | D:5      | Found Butwadd's Armour Shoppe.
  4772 | D:5      | Reached XP level 8. HP: 41/41 MP: 12/16
  4908 | D:5      | Found a sand-covered staircase.
  4921 | Ossuary  | Entered an ossuary
  4968 | Ossuary  | Reached skill level 8 in Conjurations
  5023 | Ossuary  | Reached skill level 1 in Armour
  5599 | D:5      | Found an iron altar of Okawaru.
  5797 | D:5      | Found Rofa Veb's Antique Armour Shop.
  5976 | D:5      | Reached XP level 9. HP: 46/46 MP: 14/19
  6150 | D:6      | Reached skill level 9 in Conjurations
  6330 | D:6      | Reached skill level 1 in Fighting
  6798 | D:6      | Found a staircase to the Ecumenical Temple.
  6807 | Temple   | Entered the Ecumenical Temple
  6830 | Temple   | Became a worshipper of Vehumet
  7026 | D:7      | Reached * piety under Vehumet
  7026 | D:7      | Offered knowledge of Freeze by Vehumet.
  7218 | D:7      | Noticed a red ugly thing
  7237 | D:7      | Slain by a red ugly thing

Illustrated notes

Levels and vault maps discovered:
D:1:      spicycebolla_green_bress_n_ham_2, layout_basic
D:2:      layout_loops_cross, basic_altar, minmay_3d_cube,
          uniq_crazy_yiuf_cottage, uniq_jessica
D:3:      layout_basic, overflow_temple_1_default, minmay_shallow_snake_nest
D:4:      gammafunk_wand_slinger, layout_basic, nicolae_elevator_lobby_asterisk
D:5:      layout_gridville, lemuel_tele_altar, nicolae_ossuary_entry_catacombs,
          serial_shops, shop, shop, shop, nicolae_shop_stone
D:6:      layout_basic, temple_hall
D:7:      layout_loops_cross, makhleb_grotto_becter,
          mainiacjoe_overflow_boulevard
Temple:   cyrus_temple_forest

Skill      XL: |  1  2  3  4  5  6  7  8  9 |
---------------+----------------------------+-----
Conjurations   | 5 6 7 8 9 |  9.9
Spellcasting   | 3 4 5 7 8 |  8.0
Dodging        | 2 3 4 |  4.1
Armour         | 2 4 |  4.1
Fighting       | 1 |  1.2
Stealth        | |  2.2

Action                     |  1- 3 |  4- 6 |  7- 9 || total
---------------------------+-------+-------+-------++-------
  Melee: Unarmed           |     3 |       |       ||     3
         Quarterstaff      |       |       |     1 ||     1
   Cast: Magic Dart        |    63 |    45 |     1 ||   109
         Searing Ray       |     2 |    33 |   117 ||   152
    Use: Scroll            |       |       |     7 ||     7
 Armour: Robe              |     6 |     7 |     6 ||    19
         Leather armour    |       |       |   115 ||   115
  Dodge: Dodged            |    10 |     4 |   145 ||   159
